 Dungeon Crawl Stone Soup version 0.21-a0-352-g5b8f553 (webtiles) character file.

37 Ijustatesigmund the Conjurer (level 3, 0/16 HPs)
             Began as a Vine Stalker Conjurer on Oct 10, 2017.
             Succumbed to a worker ant's poison
             ... on level 2 of the Dungeon.
             The game lasted 00:04:57 (1583 turns).

Ijustatesigmund the Conjurer (VSCj)                 Turns: 1583, Time: 00:04:58

Health: 0/16       AC:  3    Str: 10    XL:     3   Next: 41%
Magic:  2/8        EV: 17    Int: 16    God:
Gold:   45         SH:  0    Dex: 19    Spells: 2/8 levels left

rFire    . . .     SeeInvis .   d - +0 dagger
rCold    . . .     Gourm    .   (no shield)
rNeg     . . .     Faith    .   a - +0 robe
rPois    .         Spirit   +   f - +0 helmet
rElec    .         Reflect  .   (no cloak)
rCorr    .         Harm     .   (no gloves)
MR       .....                  (no boots)
Stlth    +++.......             (no amulet)
HPRegen  0.05/turn              i - ring of wizardry
MPRegen  0.11/turn              (no ring)

@: agile, lethally poisoned (0 -> -14)
A: fangs 2, magic shield, antimagic bite, no potion heal 3, rot immunity
a: no special abilities


You were on level 2 of the Dungeon.
You were hungry.

You visited 1 branch of the dungeon, and saw 2 of its levels.

You collected 45 gold pieces.

Inventory:

Hand Weapons
 d - a +0 dagger (weapon)
Armour
 a - a +0 robe (worn)
 f - a +0 helmet (worn)
Jewellery
 i - a ring of wizardry (left hand)
Scrolls
 e - 3 scrolls of magic mapping
Books
 b - a book of Conjurations

   Spells                             Type                      Level
   a - Magic Dart                     Conjuration                  1
   b - Searing Ray                    Conjuration                  2
   c - Dazzling Spray                 Conjuration/Hexes            3
   d - Fulminant Prism                Conjuration/Hexes            4
   e - Force Lance                    Conjuration/Translocation    4
   f - Iskenderun's Mystic Blast      Conjuration                  4
Comestibles
 c - a bread ration
 j - a royal jelly


   Skills:
 - Level 1.5 Dodging
 + Level 2.6 Stealth
 + Level 3.1 Spellcasting
 - Level 4.5 Conjurations
 + Level 0.3 Hexes


You had 2 spell levels left.
You knew the following spells:

 Your Spells              Type           Power        Failure   Level  Hunger
a - Magic Dart            Conj           ###.         1%          1    #......
b - Searing Ray           Conj           ###...       1%          2    ##.....
c - Dazzling Spray        Conj/Hex       ##....       9%          3    ###....


Dungeon Overview and Level Annotations

Branches:
Dungeon (2/15)

Altars:


Innate Abilities, Weirdness & Mutations

You have extremely sharp teeth.
When hurt, damage is shared between your health and your magic reserves.
Your bite disrupts and absorbs the magic of your enemies.
Potions cannot restore your health.
You are immune to rotting.


Message History

You completely miss the worker ant.
The worker ant is lightly wounded.
You feel sick. The worker ant closely misses you.
You barely miss the worker ant.
The worker ant is lightly wounded.
The worker ant barely misses you.
You hit the worker ant.
You bite the worker ant, but do no damage.
The worker ant is moderately wounded.
The worker ant bites you. x2
* * * LOW HITPOINT WARNING * * *
You are lethally poisoned!
The worker ant poisons you!
* * * LOW HITPOINT WARNING * * *
You feel sick.
* * * LOW HITPOINT WARNING * * *
You feel sick.
* * * LOW HITPOINT WARNING * * *
You feel sick.
You die...

.......#######...#.#
....... #.#.#.#
.[..... #.#.#.#
....... #.#...#
....... #.##..#
...w... #.##.>#
....... #a###.# #.#
#.# #@# #.# #.# #.#
#.# #.# #######.###.#
............#
##########.######.###
.......รท.............
##########.#..###.##
....(.#..#


You could see a worker ant.

Vanquished Creatures
  A worm (D:2)
  2 dart slugs (D:1)
  2 leopard geckos (D:1)
  2 goblins (D:1)
  A hobgoblin (D:1)
  5 jackals (D:1)
  2 ball pythons
  4 bats (D:1)
  A frilled lizard (D:1)
  3 kobolds
  7 rats (D:1)
30 creatures vanquished.

Notes
Turn   | Place    | Note
-------+----------+-------------------------------------------
     0 | D:1      | Ijustatesigmund the Vine Stalker Conjurer began the quest for the Orb.
     0 | D:1      | Reached XP level 1. HP: 9/9 MP: 4/4
   128 | D:1      | Reached XP level 2. HP: 13/13 MP: 1/6
   132 | D:1      | Learned a level 2 spell: Searing Ray
   677 | D:1      | Reached XP level 3. HP: 16/16 MP: 4/8
   850 | D:1      | Learned a level 3 spell: Dazzling Spray
  1583 | D:2      | Succumbed to a worker ant's poison

Vault maps used:
D:1:      dpeg_arrival_prison
D:2:      nicolae_dithmenos_through_a_glass_darkly

Skill      XL: |  1  2  3 |
---------------+----------+-----
Spellcasting   | 3 |  3.1
Dodging        | |  1.5
Stealth        | |  2.6
Conjurations   | |  4.5
Hexes          | |  0.3

Action                   || total
-------------------------++-------
Melee: Dagger            ||    15
       Bite              ||     2
 Cast: Magic Dart        ||    44
       Searing Ray       ||     5
       Dazzling Spray    ||     1
  Use: Scroll            ||     2
       Potion            ||     1
  Eat: Chunk             ||     2
Armor: Robe              ||     3
Dodge: Dodged            ||    18

Table legend:
 A = Spawn XP
 B = Non-spawn XP
 C = Spawn XP percentage of total XP
 D = Spawn monster count
 E = Non-spawn monster count
 F = Spawn count percentage of total count
 G = Total turns spent on level
                    A         B        C        D         E        F      G
               +---------+---------+-------+---------+---------+-------+---------
         Total |       0 |      54 |   0.0 |       0 |      30 |   0.0 |  1583
               +---------+---------+-------+---------+---------+-------+---------
           D:1 |       0 |      46 |   0.0 |       0 |      27 |   0.0 |  1300
           D:2 |       0 |       8 |   0.0 |       0 |       3 |   0.0 |   283
               +---------+---------+-------+---------+---------+-------+---------
